 Dungeon Sprint DCSS version 0.23.1 (webtiles) character file.

Game seed: 12548751184887283843

5880 dhn the Severer (level 10, -4/151 HPs)
             Began as a Minotaur Fighter on Mar 13, 2019.
             Slain by an Executioner (5 damage)
             ... summoned by Xepluvo
             ... in the Dungeon (Sprint V: "Ziggurat Sprint").
             The game lasted 00:08:07 (543 turns).

dhn the Severer (Minotaur Fighter)                   Turns: 543, Time: 00:08:07

Health: -4/151     AC: 33    Str: 37    XL:     10   Next: 52%
Magic:  13/13      EV: 10    Int:  6    God:
Gold:   0          SH: 35    Dex: 21    Spells: 9/9 levels left

rFire    . . .     SeeInvis .   U - +5 broad axe
rCold    . . .     Gourm    .   L - +18 shield of the Gong {rElec rN+ MR+ EV-5}
rNeg     + . .     Faith    .   K - +15 Maxwell's patent armour {-Cast -Tele rElec MR+ rCorr}
rPois    .         Spirit   .   (helmet restricted)
rElec    +         Reflect  .   (no cloak)
rCorr    +         Harm     .   c - +2 pair of gloves {Dex+3}
MR       ++...     NoTele   +   (no boots) Stlth ..........NoCast +
                                b - amulet of regeneration
HPRegen  0.75/turn              B - +6 ring of strength
MPRegen  0.13/turn              C - +6 ring of strength

@: mighty, agile, berserking, lethally poisoned (-4 -> -4), silenced, very quick
A: retaliatory headbutt, horns 2
a: no special abilities


You were in the Dungeon.
You were not hungry.

You visited 1 branch

Inventory:

Hand Weapons
 a - a +1 vampiric trident
 H - the +6 Majin-Bo {vamp, Archmagi MP+6 Int+6}
   (You found it in the Dungeon)

   It inflicts no extra harm, but heals its wielder when it wounds a living foe.
   It affects your intelligence (+6).
   It affects your magic capacity (+6).
 I - the +9 heavy crossbow "Sniper" {velocity, Acc+∞ SInv}
   (You found it in the Dungeon)

   Any bolt fired from it inflicts extra damage.
   It lets you see invisible.
 J - the cursed +14 obsidian axe {chop, +Fly SInv *Curse}
   (You found it in the Dungeon)

   It inflicts extra damage upon your enemies.
   It lets you see invisible.
   It lets you fly.
   It curses itself when equipped.
   It has a curse placed upon it.
 U - a +5 broad axe (weapon)
 V - a +5 executioner's axe
 W - a +5 demon trident
Armour
 c - a +2 pair of gloves of dexterity (worn)
 K - the +15 Maxwell's patent armour (worn) {-Cast -Tele rElec MR+ rCorr}
   (You found it in the Dungeon)

   It insulates you from electricity.
   It affects your resistance to hostile enchantments.
   It prevents spellcasting.
   It prevents most forms of teleportation.
   It provides partial protection from all sources of acid and corrosion.
 L - the +18 shield of the Gong (worn) {rElec rN+ MR+ EV-5}
   (You found it in the Dungeon)

   It affects your evasion (-5).
   It insulates you from electricity.
   It protects you from negative energy.
   It affects your resistance to hostile enchantments.
 M - a +3 buckler
 N - a +3 large shield
 O - a +3 shield
 P - a +5 crystal plate armour
 Q - +5 fire dragon scales
 R - +5 gold dragon scales
 S - a +5 plate armour
 T - +5 storm dragon scales
Magical Staves
 X - an uncursed staff of wizardry
Jewellery
 b - an amulet of regeneration (around neck)
 i - the amulet of Guimall {Faith Str+2}
   (You found it in the Dungeon)

   [amulet of faith]

   It allows you to gain divine favour quickly.
   It affects your strength (+2).
 x - a +6 ring of dexterity
 y - a +6 ring of dexterity
 z - a +6 ring of intelligence
 A - a +6 ring of intelligence
 B - a +6 ring of strength (left hand)
 C - a +6 ring of strength (right hand)
Wands
 E - a wand of disintegration (7)
 F - a wand of iceblast (6)
 G - a wand of acid (6)
Scrolls
 k - 4 scrolls of blinking
 q - 4 scrolls of amnesia
 r - 7 scrolls of fog
 s - a scroll of holy word
 t - 5 scrolls of identify
 u - 5 scrolls of remove curse
 v - 2 scrolls of fear
Potions
 d - 5 potions of might
 e - 10 potions of curing
 g - 8 potions of heal wounds
 h - 6 potions of haste
 j - 2 potions of berserk rage
 l - 2 potions of brilliance
 m - 2 potions of invisibility
 n - 4 potions of resistance
 o - a potion of experience
 p - 4 potions of agility
Miscellaneous
 w - a lightning rod (4/4)
 D - a box of beasts
 Z - a lamp of fire
Comestibles
 f - 7 rations


   Skills:
 + Level 13.2 Fighting
 + Level 16.5 Axes
 + Level 11.5 Armour
 + Level 1.7 Dodging
 + Level 0.1 Stealth
 + Level 15.8 Shields
 + Level 5.7 Evocations


You had 9 spell levels left.
You didn't know any spells.
Your spell library contained the following spells:

 Spells                   Type           Power        Failure   Level  Hunger
 Animate Skeleton         Necr           N/A          93%         1    ##.....
 Corona                   Hex            #......      93%         1    ##.....
 Sandblast                Erth           #.....       93%         1    ##.....
 Passwall                 Tmut/Erth      #.......     98%         2    ###....
 Swiftness                Chrm/Air       #.......     98%         2    ###....
 Gell's Gravitas          Tloc           #.........   100%        3    ####...
 Ignite Poison            Fire/Tmut/Pois #.......     100%        3    ####...
 Portal Projectile        Hex/Tloc       #.....       100%        3    ####...
 Recall                   Summ/Tloc      N/A          100%        3    ####...
 Stone Arrow              Conj/Erth      #.....       100%        3    ####...
 Animate Dead             Necr           N/A          100%        4    #####..
 Force Lance              Conj/Tloc      #.......     100%        4    #####..
 Ice Form                 Ice/Tmut       #.......     100%        4    #####..
 Passage of Golubria      Tloc           N/A          100%        4    #####..
 Agony                    Necr           #.......     100%        5    ######.
 Aura of Abjuration       Summ           #.........   100%        5    ######.
 Dispel Undead            Necr           #.......     100%        5    ######.
 Excruciating Wounds      Chrm/Necr      #.........   100%        5    ######.
 Fireball                 Conj/Fire      #.........   100%        5    ######.
 Lee's Rapid Deconstruct  Erth           #.........   100%        5    ######.
 Metabolic Englaciation   Hex/Ice        #.........   100%        5    ######.
 Summon Demon             Summ           #.........   100%        5    ######.
 Summon Forest            Summ/Tloc      #.........   100%        5    ######.
 Summon Mana Viper        Hex/Summ       #.......     100%        5    ######.
 Bolt of Cold             Conj/Ice       #.........   100%        6    #######
 Bolt of Fire             Conj/Fire      #.........   100%        6    #######
 Darkness                 Hex            #.........   100%        6    #######
 Dispersal                Tloc           #.........   100%        6    #######
 Freezing Cloud           Conj/Ice/Air   #.........   100%        6    #######
 Invisibility             Hex            #.......     100%        6    #######
 Ozocubu's Refrigeration  Ice            #.........   100%        6    #######
 Shadow Creatures         Summ           N/A          100%        6    #######
 Simulacrum               Ice/Necr       #.........   100%        6    #######
 Ring of Flames           Chrm/Fire      #.........   100%        7    #######
 Controlled Blink         Tloc           N/A          100%        8    #######
 Discord                  Hex            #.........   100%        8    #######
 Disjunction              Tloc           #.........   100%        8    #######
 Ignition                 Fire           #.........   100%        8    #######


Dungeon Overview and Level Annotations

Branches:
Dungeon (1/1)

Altars:
Ashenzari
Cheibriados
Dithmenos
Elyvilon
Fedhas
Gozag
Hepliaklqana
Kikubaaqudgha
Makhleb
Nemelex Xobeh
Okawaru
Qazlal
Ru
Sif Muna
Trog
Uskayaw
Vehumet
Wu Jian
Xom
Yredelemnul
Zin
The Shining One
Beogh
Jiyva
Lugonu

Annotations:
D 1 transporter


Innate Abilities, Weirdness & Mutations

You reflexively headbutt those who attack you in melee.
You have a pair of horns on your head.


Message History

The Executioner hits you but does no damage.
You block the Executioner's attack. The Executioner hits you.
* * * LOW HITPOINT WARNING * * *
You miss Raowaro. Your headbutt misses Raowaro.
Raowaro is severely wounded.
You closely miss the Executioner. You slice Xepluvo!!
You feel sick. You block the Executioner's attack. x2
The Executioner hits you but does no damage.
Raowaro hits you!!
* * * LOW HITPOINT WARNING * * *
Raowaro freezes you!
* * * LOW HITPOINT WARNING * * *
Xepluvo gestures.
Xepluvo's surroundings become eerily quiet.
Unknown command.
You miss Raowaro. Your headbutt misses Raowaro.
Raowaro is severely wounded.
You slash the Executioner! You slice Xepluvo!!
You block the Executioner's attack. x2; The Executioner hits you.
You die...

▓▓▓▓▓▓▓▓▓▓▓▓▓▓▓▓▓▓▓
▓...8©8...▓..8©8..▓
▓..[::)...▓..|..=.▓
▓...[|}...▓...|)..▓
▓.........▓.......▓
▓.........▓.......▓
▓.........▓.......▓
▓..§&1..H.▓.......▓
▓...@&....▓†......▓
▓....©....▓...©...▓
▓▓▓▓▓▓▓▓▓▓▓▓▓▓▓▓▓▓▓
▓..8©8..▓ ▓..).|..▓
▓..[.)!.▓ ▓.)...".▓
▓..)....▓ ▓.......▓


You could see Raowaro, Xepluvo, an Executioner and a friendly juvenile shockox
beast.

Vanquished Creatures
  A two-headed ogre (D)
  A dancing weapon (D)
  4 deep elf magi (D)
  An orange demon (D)
  A guardian mummy (D)
  3 ice devils (D)
  2 trolls (D)
  3 polar bears (D)
  A spriggan (D)
  A fire elemental (D)
  3 black bears (D)
  A phantom (D)
  A necrophage (D)
  2 ogres (D)
  An orc priest (D)
  A mummy (D)
  2 white imps (D)
  An ufetubus (D)
  An orc (D)
  A bat skeleton (D)
  A bat zombie (D)
  A giant cockroach zombie (D)
34 creatures vanquished.

Vanquished Creatures (collateral kills)
  A white imp (D)
1 creature vanquished.

Grand Total: 35 creatures vanquished

Notes
Turn   | Place    | Note
-------+----------+-------------------------------------------
     0 | D        | Found the +6 Majin-Bo {vamp, Archmagi MP+6 Int+6}
     0 | D        | Found the +7 great mace "Firestarter" {inner flame, rF++}
     0 | D        | dhn the Minotaur Fighter began the quest for the Orb.
     0 | D        | Reached XP level 1. HP: 19/19 MP: 0/0
     0 | D        | Found a deep blue altar of Sif Muna.
     0 | D        | Found a bloodstained altar of Trog.
     0 | D        | Found a sacrificial altar of Ru.
     0 | D        | Found a stormy altar of Qazlal.
     0 | D        | Found an iron altar of Okawaru.
     1 | D        | Found a sparkling altar of Nemelex Xobeh.
     1 | D        | Found a blossoming altar of Fedhas.
     3 | D        | Found a transporter.
     3 | D        | Found an ancient bone altar of Kikubaaqudgha.
     3 | D        | Found a viscous altar of Jiyva.
     3 | D        | Found a corrupted altar of Lugonu.
     3 | D        | Found a hazy altar of Hepliaklqana.
     3 | D        | Found a burning altar of Makhleb.
     3 | D        | Found an opulent altar of Gozag.
    26 | D        | Found the +9 heavy crossbow "Sniper" {velocity, Acc+∞ SInv}
    26 | D        | Found the +10 dark maul {crush}
    26 | D        | Found the +15 Maxwell's patent armour {-Cast -Tele rElec
                  | MR+ rCorr}
    26 | D        | Found the +18 shield of the Gong {rElec rN+ MR+ EV-5}
    26 | D        | Found the cursed +14 obsidian axe {chop, +Fly SInv *Curse}
    28 | D        | Found the +6 shillelagh "Devastator" {shatter}
    28 | D        | Found the +11 plutonium sword {*Contam Stlth-}
    28 | D        | Found the +8 lance "Wyrmbane" {slay drac, rPois rF+ rC+
                  | AC+3}
    28 | D        | Found the +9 sword of Zonguldrok {reap}
    28 | D        | Found the cursed +13 scythe of Curses {drain, *Curse}
    28 | D        | Found the +0 sword of Power
    28 | D        | Found the +7 mace of Variability {chain chaos}
    28 | D        | Found the +7 Singing Sword {slice, sonic wave}
    28 | D        | Found the +7 longbow "Piercer" {penet, EV-2}
   114 | D        | Entered arena 2.
   114 | D        | Noticed an orc priest
   114 | D        | Found a transporter.
   116 | D        | Killed an orc priest
   116 | D        | Reached skill level 5 in Fighting
   116 | D        | Reached skill level 3 in Axes
   116 | D        | Reached skill level 5 in Armour
   116 | D        | Reached skill level 5 in Shields
   116 | D        | Reached XP level 2. HP: 29/29 MP: 1/1
   116 | D        | Reached XP level 3. HP: 36/36 MP: 2/2
   136 | D        | Entered arena 3.
   136 | D        | Noticed a guardian mummy
   136 | D        | Found a transporter.
   141 | D        | Killed a guardian mummy
   141 | D        | Reached skill level 5 in Axes
   141 | D        | Reached skill level 1 in Evocations
   141 | D        | Reached XP level 4. HP: 50/50 MP: 2/4
   141 | D        | Reached XP level 5. HP: 57/57 MP: 2/5
   141 | D        | Reached XP level 6. HP: 63/63 MP: 2/6
   282 | D        | Entered arena 4.
   282 | D        | Found a transporter.
   292 | D        | Reached skill level 6 in Axes
   296 | D        | Reached skill level 10 in Shields
   308 | D        | Entered arena 5.
   308 | D        | Noticed a spriggan
   308 | D        | Found a transporter.
   311 | D        | Killed a spriggan
   311 | D        | Reached skill level 10 in Fighting
   311 | D        | Reached skill level 7 in Axes
   311 | D        | Reached skill level 10 in Armour
   311 | D        | Reached XP level 7. HP: 70/72 MP: 7/7
   312 | D        | Reached skill level 8 in Axes
   338 | D        | Entered arena 6.
   338 | D        | Noticed a troll
   338 | D        | Noticed a troll
   338 | D        | Noticed a two-headed ogre
   338 | D        | Found a transporter.
   345 | D        | Reached skill level 9 in Axes
   346 | D        | Killed a two-headed ogre
   346 | D        | Reached skill level 11 in Axes
   346 | D        | Reached XP level 8. HP: 72/82 MP: 9/9
   348 | D        | Killed a troll
   348 | D        | Reached skill level 12 in Axes
   348 | D        | Reached skill level 1 in Dodging
   351 | D        | Killed a troll
   351 | D        | Reached XP level 9. HP: 70/89 MP: 10/10
   364 | D        | Got the amulet "Anoch" {Inacc rC+++ Int+5 Stlth-}
   404 | D        | Entered arena 7.
   404 | D        | Noticed a polar bear
   404 | D        | Noticed an ice devil
   404 | D        | Noticed an ice devil
   404 | D        | Noticed a polar bear
   404 | D        | Noticed a polar bear
   410 | D        | Killed a polar bear
   410 | D        | Reached skill level 13 in Axes
   411 | D        | Killed a polar bear
   413 | D        | Killed a polar bear
   420 | D        | Killed an ice devil
   420 | D        | Reached skill level 14 in Axes
   421 | D        | Killed an ice devil
   423 | D        | Found a transporter.
   439 | D        | Got Weghyllo's Grimoire of Evil
   453 | D        | Entered arena 8.
   453 | D        | Noticed a deep elf mage
   453 | D        | Noticed a deep elf mage
   453 | D        | Noticed a +3 battleaxe of chopping
   453 | D        | Noticed a deep elf mage
   453 | D        | Noticed a deep elf mage
   456 | D        | Killed a deep elf mage
   456 | D        | Killed a deep elf mage
   456 | D        | Reached skill level 15 in Axes
   456 | D        | Reached XP level 10. HP: 75/99 MP: 12/12
   458 | D        | Killed a deep elf mage
   458 | D        | Reached skill level 15 in Shields
   460 | D        | Found a transporter.
   461 | D        | Killed a deep elf mage
   461 | D        | Reached skill level 5 in Evocations
   471 | D        | Killed a +3 battleaxe of chopping
   471 | D        | Reached skill level 16 in Axes
   491 | D        | Got the amulet of Guimall {Faith Str+2}
   495 | D        | Got the Catalogue of Stones and Glamour
   520 | D        | Entered arena 9.
   520 | D        | Noticed an orange demon
   520 | D        | Noticed Raowaro the pandemonium lord
   520 | D        | Noticed Xepluvo the pandemonium lord
   521 | D        | Found the +12 Vampire's Tooth {vamp}
   521 | D        | Found a transporter.
   526 | D        | Noticed an Executioner
   527 | D        | Killed an orange demon
   542 | D        | HP: 1/151 [Raowaro the pandemonium lord (7)]
   543 | D        | Slain by an Executioner

Skill      XL: |  1  2  3  4  5  6  7  8  9 10 |
---------------+-------------------------------+-----
Fighting       | 5 9 10 11 12 13 | 13.2
Axes           | 3 5 7 11 12 15 16 | 16.5
Armour         | 5 8 10 11 | 11.5
Shields        | 5 9 10 12 13 14 15 | 15.8
Evocations     | 1 2 3 4 5 |  5.7
Dodging        | 1 |  1.7
Stealth        | |  0.1

Action                   |  1- 3 |  4- 6 |  7- 9 | 10-12 || total
-------------------------+-------+-------+-------+-------++-------
Melee: Broad axe         |     1 |    14 |    25 |    23 ||    63
       Headbutt          |       |     4 |     9 |     2 ||    15
Evoke: Lightning rod     |     2 |     1 |     3 |     2 ||     8
       Wand              |     2 |       |       |       ||     2
       Sack of spiders   |       |       |     1 |       ||     1
       Lamp of fire      |       |       |     2 |     1 ||     3
       Box of beasts     |       |       |       |     2 ||     2
  Use: Potion            |       |       |       |     5 ||     5
 Stab: Distracted        |       |       |       |     1 ||     1
Armor: Plate armour      |       |    16 |    15 |    46 ||    77
Dodge: Dodged            |       |     1 |     6 |    11 ||    18
Block: Shield            |     2 |    30 |    49 |    66 ||   147
